 Dungeon Crawl Stone Soup version 0.28-a0-514-g0d7ab7f379 (webtiles) character file.

Game seed: 18419802001534721084

932 TrogsFancyHat the Shield-Bearer (level 8, 0/54 (62) HPs)
             Began as a Formicid Fighter on Sept 22, 2021.
             Was a Priest of Sif Muna.
             Slain by a wight (5 damage)
             ... on level 6 of the Dungeon.
             The game lasted 00:08:19 (5937 turns).

TrogsFancyHat the Shield-Bearer (Formicid Fighter)  Turns: 5937, Time: 00:08:20

HP:   0/54 (62)     AC:  9    Str: 22    XL:     8   Next: 33%
MP:   10/10         EV: 11    Int:  9    God:    Sif Muna [***...]
Gold: 203           SH:  5    Dex: 10    Spells: 7/7 levels left

rFire   . . .      SeeInvis +   a - +0 war axe
rCold   . . .      Faith    .   c - +0 buckler
rNeg    . . .      Spirit   .   b - +0 scale mail
rPois   .          Reflect  .   (helmet unavailable)
rElec   .          Harm     .   h - +0 cloak
rCorr   .          Rampage  .   l - +0 pair of gloves
Will    +....                   (no boots)
Stlth   ..........              (no amulet)
HPRegen 0.18/turn               i - ring of willpower
MPRegen 0.12/turn               v - ring of wizardry

@: heavily drained
A: permanent stasis, dig shafts and tunnels, antennae 3, four strong arms
a: Dig, Shaft Self, Renounce Religion, Channel Magic, Forget Spell


You were on level 6 of the Dungeon.
You worshipped Sif Muna.
Sif Muna was most pleased with you.
You visited 1 branch of the dungeon, and saw 6 of its levels.
You also visited: Sewer.

You collected 203 gold pieces.

Inventory:

Hand Weapons
 a - a +0 war axe (weapon)
Missiles
 o - 7 javelins (quivered)
Armour
 b - a +0 scale mail (worn)
 c - a +0 buckler (worn)
 h - a +0 cloak (worn)
 l - a +0 pair of gloves (worn)
Jewellery
 i - a ring of willpower (left hand)
 v - a ring of wizardry (right hand)
Wands
 d - a wand of iceblast (10)
 y - a wand of paralysis (7)
 z - a wand of charming (9)
Scrolls
 e - a scroll of brand weapon {unknown}
 f - a scroll of enchant armour {unknown}
 p - a scroll of enchant weapon {unknown}
 q - 2 scrolls of blinking {unknown}
 r - 2 scrolls of magic mapping {unknown}
 s - a scroll of amnesia {unknown}
 w - a scroll of vulnerability {unknown}
 x - 2 scrolls of identify {unknown}
Potions
 g - a potion of degeneration {unknown}
 j - 2 potions of curing {unknown}
 k - 2 potions of mutation {unknown}
 m - a potion of heal wounds {unknown}
 n - a potion of brilliance {unknown}
 t - 4 potions of attraction {unknown}
 u - a potion of resistance {unknown}


   Skills:
 + Level 5.2 Fighting
 + Level 4.0 Axes
 + Level 5.1 Armour
 + Level 3.2 Dodging
 + Level 5.7 Shields
 + Level 3.9 Invocations


You had 7 spell levels left.
You didn't know any spells.
Your spell library contained the following spells:

 Spells                   Type           Power      Damage    Failure   Level
 Sandblast                Erth           0%         2d4       36%         1
 Passwall                 Tmut/Erth      0%         N/A       50%         2
 Gell's Gravitas          Tloc           0%         N/A       71%         3
 Lesser Beckoning         Tloc           0%         N/A       71%         3
 Ozocubu's Armour         Ice            0%         N/A       71%         3
 Stone Arrow              Conj/Erth      0%         3d7       71%         3
 Teleport Other           Tloc           0%         N/A       71%         3
 Tukima's Dance           Hex            0%         N/A       71%         3
 Passage of Golubria      Tloc           N/A        N/A       98%         4
 Yara's Violent Unravell  Hex/Tmut       0%         3d3       100%        5
 Ozocubu's Refrigeration  Ice            0%         4d5       100%        7


Dungeon Overview and Level Annotations

Branches:
Dungeon (6/15)              Sewer (visited)
 Temple: D:4-7

Altars:
Makhleb
Nemelex Xobeh
Sif Muna
Zin

Shops:
D:1 :


Innate Abilities, Weirdness & Mutations

You cannot be hasted, slowed, berserked, paralysed or teleported.
You can dig through walls and to a lower floor.
You have a pair of large antennae on your head. (SInv)
Your four strong arms can wield two-handed weapons with a shield.


Message History

You are too injured to fight recklessly!
You are too injured to fight recklessly!
You are too injured to fight recklessly!
You are too injured to fight recklessly!
You are too injured to fight recklessly!
You are too injured to fight recklessly!
You are too injured to fight recklessly!
You are too injured to fight recklessly!
You are too injured to fight recklessly!
You are too injured to fight recklessly!
You are too injured to fight recklessly!
You are too injured to fight recklessly!
You are too injured to fight recklessly!
You are too injured to fight recklessly!
You are too injured to fight recklessly!
You closely miss the wight.
The wight hits you with a +0 morningstar.
You feel drained.
* * * LOW HITPOINT WARNING * * *
The wight barely misses you.
You hit the wight.
The wight is lightly damaged.
You block the wight's attack.
You hit the wight.
The wight is heavily damaged.
The wight barely misses you.
Your scale mail prevents you from hitting the wight.
The wight is heavily damaged.
The wight hits you with a +0 morningstar.
* * * LOW HITPOINT WARNING * * *
You feel drained.
* * * LOW HITPOINT WARNING * * *
The wight hits you with a +0 morningstar.
* * * LOW HITPOINT WARNING * * *
You feel drained.
* * * LOW HITPOINT WARNING * * *
You barely miss the wight.
The wight is heavily damaged.
The wight hits you with a +0 morningstar.
You die... .########## ......z@<.# #########.# .# .# .# .# .. $#

You could see a wight.

Vanquished Creatures
  Purgy (Sewer)
  A sky beast (D:4)
  An ogre (D:5)
  A scorpion (D:4)
  2 wights (D:6)
  A bullfrog skeleton (D:5)
  2 orc priests
  4 iguanas
  An orc wizard (D:2)
  A scorpion zombie (D:5)
  2 hound skeletons (D:5)
  3 gnolls (D:4)
  12 adders
  A river rat (D:3)
  A worm (D:3)
  3 dart slugs
  8 orcs
  14 bats
  5 endoplasms
  5 giant cockroaches
  5 goblins
  10 hobgoblins
  5 kobolds
  3 quokkas (D:1)
  13 ball pythons
  4 frilled lizards
  9 rats
118 creatures vanquished.

Notes
Turn   | Place    | Note
-------+----------+-------------------------------------------
     0 | D:1      | TrogsFancyHat the Formicid Fighter began the quest for the
                  | Orb.
     0 | D:1      | Reached XP level 1. HP: 18/18 MP: 1/1
   140 | D:1      | Reached XP level 2. HP: 23/24 MP: 2/2
   224 | D:1      | Noticed an eye of devastation
   229 | D:1      | Found a faded altar of an unknown god.
   231 | D:1      | Noticed a great orb of eyes
   231 | D:1      | Noticed a golden eye
   231 | D:1      | Noticed a great orb of eyes
   240 | D:1      | Became a worshipper of Sif Muna the Loreminder
   240 | D:1      | Reached * piety under Sif Muna
   492 | D:1      | Reached XP level 3. HP: 26/29 MP: 3/3
   523 | D:1      | Found Ephidoka's Book Shoppe.
   938 | D:2      | Reached skill level 1 in Dodging
   941 | D:2      | Reached ** piety under Sif Muna
   942 | D:2      | Reached skill level 1 in Invocations
   942 | D:2      | Reached XP level 4. HP: 24/37 MP: 4/4
   945 | D:2      | Reached XP level 5. HP: 28/42 MP: 5/5
  1876 | D:3      | Found a glowing drain.
  1894 | Sewer    | Entered a sewer
  2030 | Sewer    | Noticed Purgy
  2036 | Sewer    | Killed Purgy
  2037 | Sewer    | Reached XP level 6. HP: 40/48 MP: 7/7
  2659 | D:3      | Reached *** piety under Sif Muna
  3369 | D:4      | Reached XP level 7. HP: 54/55 MP: 8/8
  3845 | D:4      | Found a glowing silver altar of Zin.
  4007 | D:4      | Reached skill level 5 in Shields
  4581 | D:5      | Entered Level 5 of the Dungeon
  5346 | D:4      | Reached skill level 5 in Fighting
  5346 | D:4      | Reached XP level 8. HP: 5/62 MP: 10/10
  5633 | D:5      | Reached skill level 5 in Armour
  5851 | D:5      | Found a sparkling altar of Nemelex Xobeh.
  5869 | D:5      | Found a burning altar of Makhleb.
  5869 | D:5      | Noticed a yak
  5869 | D:5      | Noticed a yak
  5869 | D:5      | Noticed a yak
  5937 | D:6      | Slain by a wight

Illustrated notes

Levels and vault maps discovered:
D:1:      lightli_arrival_maybe_door_vault, layout_basic, serial_shops, shop,
          hellmonk_ecumenical_altar_watching_god
D:2:      layout_loops_ring
D:3:      layout_loops_ring, cheibrodos_sewer_entry_sluice, minmay_snake_closets
D:4:      layout_basic, kennysheep_little_box, grunt_decor_arrowhead
D:5:      layout_rooms, lightli_temple_of_fire,
          nemelex_xobeh_ov_fountains_minmay
D:6:      layout_loops_ring, nicolae_overflow_hidden_temple, uniq_eustachio,
          uniq_sigmund

Skill      XL: |  1  2  3  4  5  6  7  8 |
---------------+-------------------------+-----
Shields        | 4 5 |  5.7
Dodging        | 1 2 3 |  3.2
Invocations    | 1 2 3 |  3.9
Fighting       | 4 5 |  5.2
Armour         | 4 5 |  5.1
Axes           | 3 4 |  4.0

Action                   |  1- 3 |  4- 6 |  7- 9 || total
-------------------------+-------+-------+-------++-------
Melee: War axe           |    85 |   179 |   136 ||   400
Throw: Javelin           |       |     2 |       ||     2
  Use: Potion            |       |     1 |       ||     1
       Scroll            |       |       |     1 ||     1
Armor: Scale mail        |    48 |   108 |    66 ||   222
Dodge: Dodged            |    62 |   129 |    78 ||   269
Block: Buckler           |    21 |    50 |    44 ||   115

Table legend: (Time is in decaauts)
 A = Elapsed time spent in this place.
 B = Non-inter-level travel time spent in this place.
 C = Inter-level travel time spent in this place.
 D = Time resting spent in this place.
 E = Time spent auto-exploring this place.
 F = Levels seen in this place.
 G = Mean time per level.
                   A        B        C        D        E       F      G
               +--------+--------+--------+--------+--------+-----+--------+
         Total |   6087 |   5857 |    230 |    807 |   3979 |   7 |  869.6 |
       Dungeon |   5849 |   5619 |    230 |    807 |   3780 |   6 |  974.8 |
         Sewer |    238 |    238 |      0 |      0 |    199 |   1 |  238.0 |
               +--------+--------+--------+--------+--------+-----+--------+

Top non-repeatable levels by time:
     D:4: 2335 daAuts
     D:3: 1136 daAuts
     D:2: 1065 daAuts
     D:1: 815 daAuts
     D:5: 469 daAuts
   Sewer: 238 daAuts
     D:6: 27 daAuts
